AoeStats
← BN27

Arabia

508201445Analyzed
1v1 RM · 12d ago on Sep 21, 2026· 40m 43s· 2 players
Game mode
Random Map
Map size
Tiny (2 player)
Population
200
Speed
Normal
Resources
Standard
Victory
Conquest
Starting age
Dark Age
Ending age
Imperial Age
RankedLock teamsTeams togetherTeam positionsShared explorationLock speedFull tech treeHidden civsTurbo modeCheats
Victory
Defeat
🇦🇷 Sicilians · Argentina
1782
+14
🇩🇪 Shu · Germany
1742
-14
BN27
8:58 Feudal Age
7:14 Loom
9:32 Double-Bit Axe
12:54 Fletching
15:46 Wheelbarrow
15:58 Padded Archer Armor
16:31 Horse Collar
21:22 Castle Age
21:53 Crossbowman
22:39 Bodkin Arrow
28:17 Scale Barding Armor
29:16 Fervor
29:51 Chain Barding Armor
31:23 Town Watch
32:19 Husbandry
33:36 Gold Mining
34:56 Devotion
39:55 Scale Mail Armor
40:24 Squires
40:37 Forging
自律的王虫
5:50 Loom
9:05 Feudal Age
9:46 Double-Bit Axe
10:40 Horse Collar
15:48 Wheelbarrow
15:56 Fletching
16:47 Padded Archer Armor
16:46 Town Watch
22:35 Castle Age
20:37 Gold Mining
21:32 Scale Barding Armor
22:42 Bloodlines
22:48 Forging
25:43 Bow Saw
26:21 Light Cavalry
27:04 Husbandry
29:04 Chain Barding Armor
31:40 Hand Cart
32:23 Heavy Plow
34:53 Gold Shaft Mining
34:29 Scale Mail Armor
33:58 Pikeman
40:28 Imperial Age
39:43 Chain Mail Armor
40:03 Iron Casting
40:42 Halberdier
Connection lost

Rejoining the realm…

Still unreachable

The connection could not be restored.

Session expired

The server has moved on; the page needs a fresh start.